 Dungeon Crawl Stone Soup version 0.20.1-1-g8b1a95d (webtiles) character file.

202 McKennaii the Chiller (level 5, -5/36 HPs)
             Began as a Merfolk Ice Elementalist on Aug 16, 2017.
             Slain by an ice beast (8 damage)
             ... on level 5 of the Dungeon.
             The game lasted 00:08:27 (4166 turns).

McKennaii the Chiller (Merfolk Ice Elementalist)    Turns: 4166, Time: 00:08:30

Health: -5/36      AC:  4    Str:  6 (8)  XL:     5   Next: 80%
Magic:  9/9        EV: 13    Int: 12 (15) God:
Gold:   78         SH:  0    Dex: 13 (15) Spells: 4/10 levels left

rFire    . . .     SeeInvis .   t - +0 spear
rCold    . . .     Gourm    .   (no shield)
rNeg     + . .     Faith    .   a - +0 robe
rPois    .         Spirit   .   (no helmet)
rElec    .         Reflect  .   v - +0 cloak
rCorr    .         Harm     .   (no gloves)
MR       .....                  h - +0 pair of boots
Stlth    ++........             (no amulet)
Regen    0.2/turn               k - ring of wizardry
MPRegen  0.2/turn               o - ring of positive energy

@: no status effects
A: change form in water, swift swim, stealthy swim
a: no special abilities


You were on level 5 of the Dungeon.
You were very hungry.

You visited 1 branch of the dungeon, and saw 4 of its levels.

You collected 78 gold pieces.

Inventory:

Hand Weapons
 t - a +0 spear (weapon)
Armour
 a - a +0 robe (worn)
 h - a +0 pair of boots (worn)
 v - a +0 cloak (worn)
Jewellery
 k - a ring of wizardry (left hand)
 m - an uncursed ring of see invisible
 o - a ring of positive energy (right hand)
 x - a cursed ring of teleportation {unknown}
Wands
 w - a wand of iceblast (5/15)
Scrolls
 d - a scroll of remove curse {unknown}
 e - a scroll of magic mapping {unknown}
 g - 2 scrolls of recharging {unknown}
 i - 8 scrolls of identify {unknown}
 j - a scroll of blinking {unknown}
 n - a scroll of immolation {unknown}
 p - a scroll of enchant weapon {unknown}
 u - a scroll of enchant armour {unknown}
Potions
 q - a potion of degeneration
 r - a potion of brilliance {unknown}
 s - a potion of ambrosia {unknown}
 z - a potion of agility {unknown}
Books
 b - a book of Frost

   Spells                             Type                      Level
   a - Freeze                         Ice                          1
   b - Throw Frost                    Conjuration/Ice              2
   c - Ozocubu's Armour               Charms/Ice                   3
   d - Throw Icicle                   Conjuration/Ice              4
   e - Summon Ice Beast               Ice/Summoning                4
Comestibles
 c - 4 bread rations
 f - 3 fruits
 l - 2 meat rations


   Skills:
 + Level 0.4 Fighting
 + Level 1.7 Polearms
 + Level 3.0 Dodging
 + Level 2.7 Stealth
 + Level 3.3 Spellcasting
 + Level 1.3 Conjurations
 * Level 5.1 Ice Magic


You had 4 spell levels left.
You knew the following spells:

 Your Spells              Type           Power        Failure   Level  Hunger
a - Freeze                Ice            ##..         1%          1    #......
b - Throw Frost           Conj/Ice       #.....       4%          2    ###....
c - Ozocubu's Armour      Chrm/Ice       #.......     10%         3    ###....


Dungeon Overview and Level Annotations

Branches:
Dungeon (3/15)

Altars:
Ashenzari
Cheibriados


Message History

The ice beast is moderately wounded.
The ice beast completely misses you.
You hit the ice beast.
The ice beast is moderately wounded.
The ice beast completely misses you.
You hit the ice beast.
The ice beast is heavily wounded.
The ice beast closely misses you.
You barely miss the ice beast.
The ice beast is heavily wounded.
The ice beast hits you. The ice beast freezes you!
* * * LOW HITPOINT WARNING * * *
You are too injured to fight recklessly!
It was a potion of degeneration.
There was something very wrong with that liquid.
You feel weakened.
You feel dopey.
You feel clumsy. The ice beast hits you.
* * * LOW HITPOINT WARNING * * *
The ice beast freezes you!
You die...

##..#
#....
#...#
#...#
##...#
....##
#Y..######
#.@......#
###.####.#
#.....#
##...##
#.### #.#
#.# #.#
#.#


You could see an ice beast.

Vanquished Creatures
  A jelly (D:5)
  An iron imp (D:5)
  5 adders
  3 oozes (D:1)
  An adder skeleton (D:3)
  A worm (D:2)
  A dart slug (D:2)
  3 leopard geckos
  2 orcs (D:3)
  4 giant cockroaches
  11 goblins
  10 hobgoblins
  4 jackals (D:3)
  7 bats
  3 frilled lizards
  10 kobolds
  6 rats
73 creatures vanquished.

Notes
Turn   | Place    | Note
-------+----------+-------------------------------------------
     0 | D:1      | McKennaii the Merfolk Ice Elementalist began the quest for the Orb.
     0 | D:1      | Reached XP level 1. HP: 13/13 MP: 3/3
   182 | D:1      | Reached XP level 2. HP: 15/19 MP: 1/5
   229 | D:1      | Learned a level 2 spell: Throw Frost
   876 | D:1      | Reached XP level 3. HP: 24/24 MP: 0/6
  1176 | D:1      | Reached skill level 4 in Ice Magic
  1292 | D:1      | Reached skill level 1 in Conjurations
  1406 | D:1      | Found a shattered altar of Ashenzari.
  1704 | D:2      | Learned a level 3 spell: Ozocubu's Armour
  1711 | D:2      | Reached XP level 4. HP: 29/30 MP: 5/8
  3512 | D:3      | Reached XP level 5. HP: 29/35 MP: 1/9
  3833 | D:3      | Reached skill level 1 in Polearms
  3973 | D:3      | You fall through a shaft for 2 floors!
  3973 | D:5      | Entered Level 5 of the Dungeon
  3980 | D:5      | Reached skill level 5 in Ice Magic
  4018 | D:5      | Found a snail-covered altar of Cheibriados.
  4121 | D:5      | Noticed a sky beast
  4153 | D:5      | Noticed an ice beast
  4166 | D:5      | Slain by an ice beast

Skill      XL: |  1  2  3  4  5 |
---------------+----------------+-----
Ice Magic      | 4 5 |  5.1
Conjurations   | 1 |  1.3
Dodging        | 3 |  3.0
Spellcasting   | 3 |  3.3
Polearms       | 1 |  1.7
Fighting       | |  0.4
Stealth        | |  2.7

Action                   |  1- 3 |  4- 6 || total
-------------------------+-------+-------++-------
Melee: Unarmed           |    12 |     9 ||    21
       Spear             |       |    47 ||    47
 Cast: Freeze            |    34 |    40 ||    74
       Throw Frost       |    20 |    34 ||    54
       Ozocubu's Armour  |       |     1 ||     1
  Use: Potion            |       |     1 ||     1
 Stab: Sleeping          |       |     1 ||     1
  Eat: Chunk             |     4 |     9 ||    13
Armor: Robe              |     9 |    15 ||    24
Dodge: Dodged            |    32 |    57 ||    89
